 Dungeon Crawl Stone Soup version 0.29-a0-371-g91724d5b39 (webtiles) character file.

Game seed: 18163167061396027173

26 Hubjo the Firebug (level 2, 0/16 HPs)
             Began as a Deep Elf Fire Elementalist on May 2, 2022.
             Slain by an adder (3 damage)
             ... on level 2 of the Dungeon.
             The game lasted 00:01:36 (1691 turns).

Hubjo the Firebug (Deep Elf Fire Elementalist)      Turns: 1691, Time: 00:01:37

Health: 0/16       AC:  2    Str:  5    XL:     2   Next: 89%
Magic:  4/8        EV: 12    Int: 19    God:
Gold:   73         SH:  0    Dex: 15    Spells: 6/7 levels left

rFire   + . .      SeeInvis .   (no weapon)
rCold   + . .      Faith    .   (no shield)
rNeg    . . .      Spirit   .   a - +0 robe
rPois   +          Reflect  .   (no helmet)
rElec   +          Harm     .   (no cloak)
rCorr   +          Rampage  .   (no gloves)
Will    .....                   (no boots)
Stlth   ++........              j - amulet of the acrobat
HPRegen 0.05/turn               (no ring)
MPRegen 0.11/turn               (no ring)

@: resistant
A: no striking features
a: no special abilities


You were on level 2 of the Dungeon.
You visited 1 branch of the dungeon, and saw 2 of its levels.

You collected 73 gold pieces.

Inventory:

Armour
 a - a +0 robe (worn)
Jewellery
 j - an amulet of the acrobat (around neck)
Wands
 d - a wand of acid (4)
Scrolls
 c - a scroll of blinking
 e - a scroll of immolation
 h - a scroll of brand weapon {unknown}
 i - a scroll of silence {unknown}
 k - a scroll of vulnerability
Potions
 b - a potion of magic
 g - a potion of brilliance {unknown}


   Skills:
 * Level 1.2 Fighting
 - Level 2.4 Dodging
 + Level 2.9 Stealth
 + Level 3.4 Spellcasting
 - Level 1.1 Conjurations
 + Level 3.5 Fire Magic


You had 6 spell levels left.
You knew the following spells:

 Your Spells              Type           Power      Damage    Failure   Level
a - Foxfire               Conj/Fire      48%        2x1d6     5%          1

Your spell library contained the following spells:

 Spells                   Type           Power      Damage    Failure   Level
 Scorch                   Fire           32%        2d7       4%          2
 Conjure Flame            Conj/Fire      12%        6-21      17%         3
 Inner Flame              Hex/Fire       10%        N/A       22%         3
 Flame Wave               Conj/Fire      12%        2d6       50%         4


Dungeon Overview and Level Annotations

Branches:
Dungeon (2/15)

Altars:


Message History

You miscast Foxfire.
You are very lightly contaminated with residual magic.
Nothing appears to happen.
You feel sick. The adder barely misses you.
Casting: Foxfire (safe; 5% risk of failure)
Confirm with . or Enter, or press ? or * to list all spells.
You conjure some foxfire!
You feel sick. The adder barely misses you.
Casting: Foxfire (safe; 5% risk of failure)
Confirm with . or Enter, or press ? or * to list all spells.
There is not enough space to conjure foxfire!
You feel sick.
The jackal barks!
The foxfire hits the adder.
The adder is heavily wounded.
The foxfire hits the adder.
The adder is severely wounded.
The adder misses you. The adder completely misses you.
You feel sick. The bat completely misses you. The adder closely misses you.
You see here a wand of acid (4).
d - a wand of acid (4)
You feel sick.
You are no longer poisoned.
The bat barely misses you. The adder misses you. The adder barely misses you.
The adder closely misses you. The bat misses you.
Your magical contamination has completely faded away.
The adder barely misses you.
Casting: Foxfire (safe; 5% risk of failure)
Confirm with . or Enter, or press ? or * to list all spells.
You conjure some foxfire!
The bat closely misses you. The bat hits you. The adder bites you.
Your foxfire dissipates!
The adder attacks as you move away! The adder bites you.
* * * LOW HITPOINT WARNING * * *
The foxfire hits the bat.
You kill the bat!
The adder misses you.
It was a potion of resistance.
You feel protected. The adder bites you.
You die...

#.# #.!#
#..#
#...
##.h##
##..=.#
#..##
#...###
###hS@#
###ยง..#
###.# +#


You could see an adder and a jackal.

Vanquished Creatures
  3 ball pythons (D:1)
  2 endoplasms (D:1)
  6 goblins (D:1)
  A hobgoblin (D:1)
  A quokka (D:1)
  4 bats
  A frilled lizard (D:1)
  4 kobolds (D:1)
  3 rats
25 creatures vanquished.

Vanquished Creatures (others)
  109 foxfires
109 creatures vanquished.

Grand Total: 134 creatures vanquished

Notes
Turn   | Place    | Note
-------+----------+-------------------------------------------
     0 | D:1      | Hubjo the Deep Elf Fire Elementalist began the quest for
                  | the Orb.
     0 | D:1      | Reached XP level 1. HP: 10/10 MP: 6/6
   488 | D:1      | Reached XP level 2. HP: 16/16 MP: 2/8
   985 | D:1      | Reached skill level 1 in Fighting
  1691 | D:2      | Slain by an adder

Illustrated notes

Levels and vault maps discovered:
D:1:      dpeg_arrival_court, layout_basic, minmay_cupped
D:2:      minmay_razor_zed, layout_rooms, basic_altar

Skill      XL: |  1  2 |
---------------+-------+-----
Fighting       | 1 |  1.2
Dodging        | |  2.4
Stealth        | |  2.9
Spellcasting   | |  3.4
Conjurations   | |  1.1
Fire Magic     | |  3.5

Action                   || total
-------------------------++-------
Melee: Unarmed           ||     2
 Cast: Foxfire           ||    69
  Use: Scroll            ||     3
       Potion            ||     1
Dodge: Dodged            ||    24

Table legend: (Time is in decaauts)
 A = Elapsed time spent in this place.
 B = Non-inter-level travel time spent in this place.
 C = Inter-level travel time spent in this place.
 D = Time resting spent in this place.
 E = Time spent auto-exploring this place.
 F = Levels seen in this place.
 G = Mean time per level.
                   A        B        C        D        E       F      G
               +--------+--------+--------+--------+--------+-----+--------+
         Total |   1690 |   1684 |      6 |      0 |   1532 |   2 |  845.0 |
       Dungeon |   1690 |   1684 |      6 |      0 |   1532 |   2 |  845.0 |
               +--------+--------+--------+--------+--------+-----+--------+

Top non-repeatable levels by time:
     D:1: 1676 daAuts
     D:2: 14 daAuts
